 Dungeon Crawl Stone Soup version 0.30-a0-377-g5cb311bc9f (webtiles) character file.

Game seed: 13302026338813535898

1054 KennySheep the Skirmisher (level 7, -2/53 HPs)
             Began as a Demigod Hunter on Nov 29, 2022.
             Slain by a gnoll
             ... wielding a +2 whip of distortion
              (12 damage)
             ... on level 7 of the Dungeon.
             The game lasted 00:08:27 (5471 turns).

KennySheep the Skirmisher (Demigod Hunter)          Turns: 5471, Time: 00:08:28

Health: -2/53      AC:  4    Str: 12    XL:     7   Next: 77%
Magic:  9/9        EV: 12    Int: 11    God:
Gold:   253        SH:  0    Dex: 25    Spells: 6/6 levels left

rFire   . . .      SeeInvis +    a - +0 shortbow
rCold   + . .      Faith    .    (shield currently unavailable)
rNeg    . . .      Spirit   .    c - +0 leather armour
rPois   .          Reflect  .    (no helmet)
rElec   .          Harm     .    (no cloak)
rCorr   .          Rampage  .    (no gloves)
Will    .....                    i - +0 pair of boots
Stlth   ++........               s - amulet of magic regeneration
HPRegen 0.28/turn                n - ring of protection from cold
MPRegen 0.51/turn                g - ring of see invisible

@: no status effects
A: high MP 1, forlorn, divine attributes
a: no special abilities


You were on level 7 of the Dungeon.
You visited 1 branch of the dungeon, and saw 7 of its levels.

You collected 253 gold pieces.

Inventory:

Hand Weapons
 a - a +0 shortbow (weapon)
Missiles
 p - 2 throwing nets
Armour
 c - a +0 leather armour (worn)
 i - a +0 pair of boots (worn)
Jewellery
 g - a ring of see invisible (right hand)
 n - a ring of protection from cold (left hand)
 s - an amulet of magic regeneration (around neck)
Wands
 f - a wand of roots (11)
Scrolls
 b - a scroll of immolation
 d - a scroll of teleportation
 h - 2 scrolls of torment
 k - 2 scrolls of enchant weapon
 l - 4 scrolls of vulnerability
 m - a scroll of poison
 r - a scroll of enchant armour
 y - 2 scrolls of fear
 z - a scroll of magic mapping
 A - a scroll of noise
 B - a scroll of blinking
Potions
 e - a potion of attraction
 j - 5 potions of curing
 o - a potion of cancellation {unknown}
 q - 2 potions of ambrosia
 t - a potion of magic
 v - a potion of haste {unknown}
 w - a potion of flight {unknown}
 x - a potion of might


   Skills:
 - Level 1.7 Fighting
 + Level 9.4 Ranged Weapons
 - Level 1.7 Dodging
 - Level 0.8 Stealth


You had 6 spell levels left.
You didn't know any spells.
Your spell library contained the following spells:

 Spells                   Type           Power      Damage    Failure   Level
 Foxfire                  Conj/Fire      0%         2x1d4     41%         1
 Slow                     Hex            0%         N/A       41%         1
 Ensorcelled Hibernation  Hex/Ice        0%         N/A       56%         2
 Scorch                   Fire           0%         2d5       56%         2
 Confusing Touch          Hex            0%         N/A       80%         3
 Ignite Poison            Fire/Tmut/Pois 0%         N/A       80%         3
 Spider Form              Tmut/Pois      0%         N/A       80%         3
 Vampiric Draining        Necr           0%         2d6       80%         3
 Anguish                  Hex/Necr       0%         N/A       99%         4
 Flame Wave               Conj/Fire      0%         2d4       99%         4
 Sticky Flame             Conj/Fire      0%         2d3       99%         4
 Fireball                 Conj/Fire      0%         3d3       100%        5
 Iskenderun's Battlesphe  Conj           0%         2d6       100%        5
 Conjure Ball Lightning   Conj/Air       0%         3x3d6     100%        6
 Starburst                Conj/Fire      0%         6d3       100%        6
 Summon Cactus Giant      Summ           0%         N/A       100%        6
 Orb of Destruction       Conj           0%         9d5       100%        7
 Discord                  Hex            0%         N/A       100%        8
 Disjunction              Tloc           0%         N/A       100%        8
 Ignition                 Fire           0%         3d3       100%        8


Dungeon Overview and Level Annotations

Branches:
Dungeon (7/15)             Temple (0/1) D:5

Annotations:
D:6 1 runed translucent door, Crazy Yiuf


Innate Abilities, Weirdness & Mutations

You have an increased reservoir of magic. (+10% MP)
You shall have no god before yourself.
Your divine heritage dramatically boosts your attributes as you level up.


Message History

Something shouts, "Remove thy stench, thou vain crook-pated erk!"
You hear a shout! x2; You hear an angry hiss.
You shoot an arrow. The arrow hits the orc wizard!
You kill the orc wizard!
You shoot an arrow. The arrow hits the kobold.
The kobold is severely wounded.
You shoot an arrow. The arrow completely misses the kobold.
The kobold hits you with a +0 club. The kobold completely misses you.
You shoot an arrow. The arrow hits the kobold!
You kill the kobold!
The kobold barely misses you.
You shoot an arrow. The arrow hits the kobold!
You kill the kobold!
You hear a shout!
You hear an angry hiss.
You hear a shout!
You shoot an arrow. The arrow closely misses the gnoll.
A gnoll comes into view. It is wielding a +0 flail.
The gnoll hits you with a +2 whip of distortion.
Space warps horribly around you!!
* * * LOW HITPOINT WARNING * * *
You shoot an arrow.
The arrow hits the gnoll but does no damage.
You hear a shout!
The gnoll barely misses you.
A gnoll comes into view.
It is wielding a +2 flail of protection.
Something shouts, "Begone, thou euchred rump-fed puttock!"
You hear a shout! x2
You shoot an arrow. The arrow hits the gnoll!
The gnoll is heavily wounded.
The gnoll hits you with a +2 whip of distortion!
* * * LOW HITPOINT WARNING * * *
Space warps around you.
* * * LOW HITPOINT WARNING * * *
The gnoll attacks as you move away! The gnoll barely misses you.
You shoot an arrow. The arrow closely misses the gnoll.
The arrow barely misses the gnoll.
The gnoll closely misses you.
You feel better. The gnoll misses you.
The gnoll hits you with a +2 whip of distortion.
* * * LOW HITPOINT WARNING * * *
Space warps horribly around you!
You die...

.....<.......
......##..... ......# ...
###### ......# . K.... #
......# # .[.#... ......#
#.# #####.....# [<)...#
#.##.###.))))#
##†########.....ggg#####
#..###...#..###@### ###
..#..........# #..# ....
..#(........# ##.# .....
..#....)....#####.#......
..#...).....##...........
....##.........###.......
...<.............##......
..###.......####.).#.##.#
.. #.......# ##).... #


You could see 3 gnolls.

Vanquished Creatures
  An ogre (D:5)
  A centaur (D:5)
  A kobold brigand (D:7)
  A bullfrog (D:6)
  A necrophage (D:6)
  A scorpion (D:6)
  2 jellies
  3 orc priests
  5 iguanas
  3 orc wizards
  9 gnolls (D:4)
  9 adders
  A worm (D:2)
  3 dart slugs
  17 orcs
  11 ball pythons
  3 bats (D:1)
  9 endoplasms
  4 giant cockroaches
  7 goblins
  3 hobgoblins (D:1)
  4 jackals (D:1)
  16 kobolds
  2 quokkas
  A frilled lizard (D:1)
  3 rats
121 creatures vanquished.

Notes
Turn   | Place    | Note
-------+----------+-------------------------------------------
     0 | D:1      | KennySheep the Demigod Hunter began the quest for the Orb.
     0 | D:1      | Reached XP level 1. HP: 17/17 MP: 3/3
    35 | D:1      | Reached skill level 4 in Ranged Weapons
    66 | D:1      | Reached XP level 2. HP: 24/24 MP: 4/4
   491 | D:1      | Reached XP level 3. HP: 29/29 MP: 5/5
  1602 | D:3      | Reached skill level 5 in Ranged Weapons
  1917 | D:4      | Reached XP level 4. HP: 36/36 MP: 6/6
  2055 | D:4      | Reached skill level 6 in Ranged Weapons
  2055 | D:4      | Reached XP level 5. HP: 15/41 MP: 7/7
  3387 | D:5      | Entered Level 5 of the Dungeon
  3430 | D:5      | Found a staircase to the Ecumenical Temple.
  3493 | D:5      | Reached XP level 6. HP: 36/48 MP: 8/8
  3495 | D:5      | Reached skill level 7 in Ranged Weapons
  4276 | D:6      | Reached skill level 8 in Ranged Weapons
  4301 | D:6      | Reached XP level 7. HP: 53/53 MP: 9/9
  4634 | D:6      | Found a runed translucent door.
  4635 | D:6      | Noticed Crazy Yiuf
  5150 | D:7      | Reached skill level 9 in Ranged Weapons
  5471 | D:7      | Slain by a gnoll

Illustrated notes

Levels and vault maps discovered:
D:1:      shiori_arrival_maze, layout_loops_ring, bh_walls_and_bars
D:2:      layout_basic, dreamdust_ecumenical_altar_angels_and_demons,
          kennysheep_generic_room_6
D:3:      layout_basic
D:4:      minmay_chambers_of_threes, layout_loops_corners, kennysheep_mini,
          nicolae_ru_awakened_eye, nicolae_overflow_hidden_temple
D:5:      layout_loops_ring, kennysheep_mini_moat, minmay_temple_entry_glass
D:6:      layout_loops_ring, mainiacjoe_overflow_boulevard,
          nicolae_elyvilon_peaceful_grove, uniq_crazy_yiuf_cottage
D:7:      layout_rooms, mainiacjoe_overflow_small_starburst,
          hangedman_decor_push

Skill      XL: |  1  2  3  4  5  6  7 |
---------------+----------------------+-----
Ranged Weapons | 4 5 6 8 9 |  9.4
Fighting       | |  1.7
Dodging        | |  1.7
Stealth        | |  0.8

Action                   |  1- 3 |  4- 6 |  7- 9 || total
-------------------------+-------+-------+-------++-------
Melee: Shortbow          |     1 |       |       ||     1
 Fire: Shortbow          |   118 |   156 |    93 ||   367
  Use: Scroll            |     6 |     1 |     4 ||    11
       Potion            |     2 |     2 |     3 ||     7
Armor: Leather armour    |    14 |     5 |     5 ||    24
       Skin              |       |       |     7 ||     7
Dodge: Dodged            |    38 |    37 |    31 ||   106

Table legend: (Time is in decaauts)
 A = Elapsed time spent in this place.
 B = Non-inter-level travel time spent in this place.
 C = Inter-level travel time spent in this place.
 D = Time resting spent in this place.
 E = Time spent auto-exploring this place.
 F = Levels seen in this place.
 G = Mean time per level.
                   A        B        C        D        E       F      G
               +--------+--------+--------+--------+--------+-----+--------+
         Total |   5551 |   5222 |    329 |    588 |   3857 |   7 |  793.0 |
       Dungeon |   5551 |   5222 |    329 |    588 |   3857 |   7 |  793.0 |
               +--------+--------+--------+--------+--------+-----+--------+

Top non-repeatable levels by time:
     D:4: 1603 daAuts
     D:6: 1103 daAuts
     D:1: 831 daAuts
     D:5: 774 daAuts
     D:3: 524 daAuts
     D:2: 487 daAuts
     D:7: 226 daAuts
